 Dungeon Crawl Stone Soup version 0.21-a0-404-g291f19a (webtiles) character file.

246 Hasart the Firebug (level 6, 0/61 HPs)
             Began as an Ogre Fire Elementalist on Oct 30, 2017.
             Slain by an orc
             ... wielding a +0 mace
              (1 damage)
             ... on level 4 of the Dungeon.
             The game lasted 00:06:48 (3740 turns).

Hasart the Firebug (Ogre Fire Elementalist)         Turns: 3740, Time: 00:06:48

Health: 0/61       AC:  4    Str: 13    XL:     6   Next: 11%
Magic:  0/11       EV: 10    Int: 23    God:
Gold:   179        SH:  0    Dex:  9    Spells: 7/12 levels left

rFire    . . .     SeeInvis +   y - +0 dagger (elec)
rCold    . . .     Gourm    .   (no shield)
rNeg     . . .     Faith    .   a - +0 robe
rPois    .         Spirit   .   (helmet restricted)
rElec    .         Reflect  .   z - +0 cloak
rCorr    .         Harm     .   (gloves unavailable)
MR       .....                  (boots unavailable)
Stlth    +.........             l - amulet of regeneration
HPRegen  0.60/turn              x - ring of see invisible
MPRegen  0.12/turn              (no ring)

@: brilliant, very slightly contaminated
A: unfitting armour, tough skin 1
a: no special abilities


You were on level 4 of the Dungeon.
You were very hungry.

You visited 1 branch of the dungeon, and saw 4 of its levels.

You collected 179 gold pieces.

Inventory:

Hand Weapons
 y - a +0 dagger of electrocution (weapon)
Armour
 a - a +0 robe (worn)
 z - a +0 cloak (worn)
Jewellery
 l - an amulet of regeneration (around neck)
 r - an uncursed amulet of guardian spirit {unknown}
 x - a ring of see invisible (left hand)
Wands
 s - a wand of random effects (6/48)
Scrolls
 d - 4 scrolls of enchant armour {unknown}
 e - a scroll of magic mapping {unknown}
 f - a scroll of recharging {unknown}
 i - a scroll of remove curse {unknown}
 j - 7 scrolls of identify {unknown}
 k - a scroll of enchant weapon {unknown}
 m - 6 scrolls of teleportation {unknown}
 p - a scroll of amnesia {unknown}
Potions
 n - a potion of brilliance
 o - a potion of heal wounds {unknown}
 q - 2 potions of cancellation {unknown}
 v - a potion of curing {unknown}
 w - a potion of mutation {unknown}
Books
 b - a book of Flames

   Spells                             Type                      Level
   a - Flame Tongue                   Conjuration/Fire             1
   b - Throw Flame                    Conjuration/Fire             2
   c - Conjure Flame                  Conjuration/Fire             3
   d - Inner Flame                    Hexes/Fire                   3
   e - Sticky Flame                   Conjuration/Fire             4
   f - Fireball                       Conjuration/Fire             5
 h - a book of Cantrips

   Spells                             Type                      Level
   a - Confusing Touch                Hexes                        1
   b - Animate Skeleton               Necromancy                   1
   c - Summon Small Mammal            Summoning                    1
   d - Apportation                    Translocation                1
Comestibles
 c - 2 bread rations
 g - 2 meat rations
 t - 2 royal jellies
 u - 4 fruits


   Skills:
 + Level 3.1 Fighting
 - Level 1.7 Dodging
 - Level 1.4 Stealth
 + Level 3.7 Spellcasting
 + Level 2.3 Conjurations
 * Level 4.3 Fire Magic


You had 7 spell levels left.
You knew the following spells:

 Your Spells              Type           Power        Failure   Level  Hunger
a - Flame Tongue          Conj/Fire      ####.        1%          1    None
b - Sticky Flame          Conj/Fire      ####....     3%          4    ####...


Dungeon Overview and Level Annotations

Branches:
Dungeon (4/15)
 Temple: D:4-7

Altars:
Yredelemnul


Innate Abilities, Weirdness & Mutations

You are too large for most types of armour.
You have tough skin. (AC +1)


Message History

Confirm with . or Enter, or press ? or * to list all spells.
Aiming: Flame Tongue
Press: ? - help, Shift-Dir - straight line, f/p - orc priest
Aim: an orc priest (almost dead)
The flame tongue hits the orc priest.
The orc priest is almost dead.
The orc priest hits you but does no damage.
The orc misses you.
Unknown command.
You barely miss the orc priest.
The orc priest is almost dead.
The orc priest casts a cantrip, but nothing happens.
The orc hits you with a mace!
* * * LOW HITPOINT WARNING * * *
The orc hits you.
* * * LOW HITPOINT WARNING * * *
It was a potion of brilliance.
You feel clever all of a sudden. The orc priest closely misses you.
The orc hits you with a mace.
You die...

.# ##....# .###.....#
........## .. ........## .#
..#.#. ........###.# ...#..
#........#..## ......##
#o[o......... .......#
#.@o.......# .......###
#.........#
.........#######........#
............##..........#
........#.............<.### .
........##....###.........##...
....#...###....###.....(.......
....#....##...>...........###.
......######...........#### .#


You could see an orc priest and 2 orcs.

Vanquished Creatures
  An orc priest (D:4)
  Crazy Yiuf (D:3)
  Jessica (D:2)
  3 gnolls (D:3)
  3 adders (D:3)
  An ooze (D:2)
  A worm (D:2)
  A dart slug (D:2)
  3 leopard geckos
  3 orcs (D:3)
  12 bats
  4 giant cockroaches
  7 goblins
  12 hobgoblins
  10 jackals
  6 kobolds
  2 quokkas (D:3)
  2 ball pythons (D:3)
  2 frilled lizards (D:2)
  10 rats
85 creatures vanquished.

Notes
Turn   | Place    | Note
-------+----------+-------------------------------------------
     0 | D:1      | Hasart the Ogre Fire Elementalist began the quest for the Orb.
     0 | D:1      | Reached XP level 1. HP: 16/16 MP: 3/3
    70 | D:1      | Reached skill level 1 in Conjurations
   353 | D:1      | Reached XP level 2. HP: 26/26 MP: 1/5
   623 | D:1      | Reached skill level 1 in Fighting
   623 | D:1      | Reached skill level 3 in Fire Magic
  1216 | D:2      | Reached XP level 3. HP: 32/33 MP: 2/7
  1325 | D:2      | Noticed Jessica
  1336 | D:2      | Killed Jessica
  1372 | D:2      | Reached XP level 4. HP: 42/42 MP: 1/8
  1472 | D:2      | Learned a level 4 spell: Sticky Flame
  2221 | D:3      | Reached XP level 5. HP: 50/50 MP: 3/9
  2406 | D:3      | Found a basalt altar of Yredelemnul.
  2589 | D:3      | Reached skill level 4 in Fire Magic
  3247 | D:3      | Found a runed door.
  3251 | D:3      | Noticed Crazy Yiuf
  3258 | D:3      | Killed Crazy Yiuf
  3733 | D:4      | Reached XP level 6. HP: 53/61 MP: 0/11
  3739 | D:4      | HP: 1/61 [orc (3)]
  3740 | D:4      | Slain by an orc

Vault maps used:
D:1:      onia_arrival_handbag, serial_curves, eino_curves_04, eino_curves_03,
          serial_park_tiny_1
D:2:      cheibrodos_greedy_goblins, patterned_corridor, uniq_jessica
D:3:      nicolae_overflow_crystal_walls, uniq_crazy_yiuf_cottage
D:4:      first_bread, uniq_pikel

Skill      XL: |  1  2  3  4  5 |
---------------+----------------+-----
Conjurations   | 1 2 |  2.3
Fighting       | 1 2 3 |  3.1
Fire Magic     | 3 4 |  4.3
Spellcasting   | 3 |  3.7
Dodging        | |  1.7
Stealth        | |  1.4

Action                   |  1- 3 |  4- 6 || total
-------------------------+-------+-------++-------
Melee: Unarmed           |    20 |       ||    20
       Whip              |    67 |    74 ||   141
       Mace              |       |   107 ||   107
       Dagger            |       |    11 ||    11
 Cast: Flame Tongue      |    30 |    37 ||    67
       Sticky Flame      |       |     3 ||     3
  Use: Potion            |       |     1 ||     1
 Stab: Sleeping          |     1 |     2 ||     3
  Eat: Chunk             |     2 |     7 ||     9
Armor: Robe              |    49 |    72 ||   121
Dodge: Dodged            |    76 |   129 ||   205

Table legend:
 A = Spawn XP
 B = Non-spawn XP
 C = Spawn XP percentage of total XP
 D = Spawn monster count
 E = Non-spawn monster count
 F = Spawn count percentage of total count
 G = Total turns spent on level
                    A         B        C        D         E        F      G
               +---------+---------+-------+---------+---------+-------+---------
         Total |       0 |     352 |   0.0 |       0 |      85 |   0.0 |  3740
               +---------+---------+-------+---------+---------+-------+---------
           D:1 |       0 |      33 |   0.0 |       0 |      20 |   0.0 |  1212
           D:2 |       0 |     104 |   0.0 |       0 |      33 |   0.0 |   959
           D:3 |       0 |     170 |   0.0 |       0 |      30 |   0.0 |  1270
           D:4 |       0 |      45 |   0.0 |       0 |       2 |   0.0 |   299
               +---------+---------+-------+---------+---------+-------+---------
